 Dungeon Crawl Stone Soup version 0.31-a0-66-ge618eeaa78 (webtiles) character file.

Game seed: 5363998822828217959

6751 Dittersdorf the Blocker (level 11, -1/72 HPs)
             Began as a Gargoyle Fighter on May 22, 2023.
             Was an Elder of Okawaru.
             Slain by a shadow wraith (3 damage)
             ... on level 8 of the Dungeon.
             The game lasted 00:16:00 (10687 turns).

Dittersdorf the Blocker (Gargoyle Fighter)         Turns: 10687, Time: 00:16:01

Health: -1/72      AC: 26    Str: 21      XL:     11   Next: 4%
Magic:  11/11      EV:  6    Int: 11 (14) God:    Okawaru [****..]
Gold:   493        SH: 14    Dex:  9      Spells: 10/10 levels left

rFire   . . .        d - +2 hammer (drain)
rCold   . . .        C - +0 tower shield
rNeg    + . .        i - +3 chain mail
rPois   ∞            h - +1 helmet
rElec   +            v - +0 cloak
rCorr   .            (no gloves)
SInv    .            (no boots)
Will    .....        (no amulet) Stlth
                     t - +6 ring of intelligence
HPRegen 0.32/turn    (no ring)
MPRegen 0.12/turn

%: no passive effects
@: slowed, very slow
A: sickness immunity, AC +8, negative energy resistance 1, electricity
resistance, torment resistance 1, petrification resistance, [teleportitis 2],
[weak 2]
a: Renounce Religion, Heroism, Finesse


You were on level 8 of the Dungeon.
You worshipped Okawaru.
Okawaru was greatly pleased with you.
You visited 1 branch of the dungeon, and saw 9 of its levels.
You visited the Abyss 1 time.

You collected 493 gold pieces.

Inventory:

Hand Weapons
 a - a +0 flail of draining
 d - a +2 hammer of draining (weapon)
Armour
 h - a +1 helmet (worn)
 i - a +3 chain mail (worn)
 v - a +0 cloak (worn)
 C - a +0 tower shield (worn)
Jewellery
 t - a +6 ring of intelligence (left hand)
Wands
 p - a wand of flame (24)
 w - a wand of iceblast (7)
 H - a wand of quicksilver (5)
Scrolls
 b - 5 scrolls of noise
 e - 9 scrolls of identify
 s - a scroll of vulnerability {unknown}
 u - 2 scrolls of immolation {unknown}
 x - 4 scrolls of poison {unknown}
 y - a scroll of blinking {unknown}
 z - 5 scrolls of teleportation {unknown}
 A - 2 scrolls of fog {unknown}
 B - a scroll of acquirement {unknown}
 E - a scroll of magic mapping {unknown}
 G - a scroll of amnesia {unknown}
Potions
 c - a potion of lignification
 f - a potion of magic
 g - a potion of brilliance {unknown}
 j - 2 potions of resistance {unknown}
 k - a potion of haste {unknown}
 l - 3 potions of enlightenment {unknown}
 m - 2 potions of attraction {unknown}
 n - 2 potions of invisibility {unknown}
 r - 3 potions of degeneration {unknown}
 D - 2 potions of curing {unknown}
 F - a potion of heal wounds {unknown}


   Skills:
 + Level 9.7 Fighting
 + Level 8.6 Maces & Flails
 + Level 9.7 Armour
 + Level 9.7 Shields


You had 10 spell levels left.
You didn't know any spells.
Your spell library contained the following spells:

 Spells                   Type           Power      Damage    Failure   Level
 Magic Dart               Conj           0%         1d3       100%        1
 Shock                    Conj/Air       0%         1d3       100%        1
 Ensorcelled Hibernation  Hex/Ice        0%         N/A       100%        2
 Mephitic Cloud           Conj/Pois/Air  0%         N/A       100%        3
 Spider Form              Tmut/Pois      0%         N/A       100%        3
 Stone Arrow              Conj/Erth      0%         3d7       100%        3
 Swiftness                Air            0%         N/A       100%        3
 Airstrike                Air            0%         2d(0-16)  100%        4
 Anguish                  Hex/Necr       0%         N/A       100%        4
 Petrify                  Tmut/Erth      0%         N/A       100%        4
 Irradiate                Conj/Tmut      0%         3d11      100%        5
 Lehudib's Crystal Spear  Conj/Erth      0%         10d2      100%        8
 Call Imp                 Summ           Unusable   N/A       N/A         2
 Sublimation of Blood     Necr           Unusable   N/A       N/A         2
 Animate Armour           Summ/Erth      Unusable   N/A       N/A         4

Dungeon Overview and Level Annotations

Branches:
Dungeon (9/15)             Temple (0/1) D:4             Orc (0/2) D:9
   Lair: D:8-11

Altars:
Cheibriados
Gozag
Nemelex Xobeh
Okawaru
Qazlal
Sif Muna
Wu Jian


Innate Abilities, Weirdness & Mutations

You are immune to sickness and miasma.
Your stone body is resilient. (AC +8)
You are immune to poison.
You resist negative energy. (rN+)
You are resistant to electric shocks. (rElec)
You are resistant to unholy torment.
You are immune to petrification.
[You are often teleported next to monsters.]
[You are very weak. (Str -4)]


Message History

The wizard casts a spell.
The wizard flickers and vanishes!
You block the small abomination's attack.
Something hits you.
You block the small abomination's attack.
There is a stone staircase leading up here.
You feel yourself speed up.
You block the small abomination's attack.
Something hits you. Something drains your vigour!
You feel yourself slow down. The small abomination hits you!
You climb upwards.
Reactivating autopickup.
There is a stone staircase leading down here.
You hit the small abomination but do no damage.
You block the small abomination's attack.
Something hits you! Something drains your vigour!
You feel as though you will be slow longer.
Deactivating autopickup; reactivate with Ctrl-A.
The small abomination hits you but does no damage.
Something hits you!
* * * LOW HITPOINT WARNING * * *
You hit the small abomination.
The small abomination is moderately damaged.
You block the small abomination's attack.
Something completely misses you.
The small abomination hits you but does no damage.
You block something's attack.
The small abomination hits you but does no damage.
You completely miss the small abomination.
The small abomination is moderately damaged.
The small abomination barely misses you.
Something hits you.
* * * LOW HITPOINT WARNING * * *
The small abomination hits you but does no damage.
Something hits you but does no damage.
It was a potion of magic.
Magic courses through your body.
You block the small abomination's attack.
The small abomination closely misses you.
Something hits you.
You die...

#................#
#...###.###.####.#
#...# #.# #......#
#...###<###.####.#
#...........# #.#
##..###.###.####.#
#..# #.#
#......###
####.†###.#
#####....#
##.....@x..#
#.##.#
#.......####
#.##.# #..##....#
#.##.# #.....#..#
#####[##.#
#...###..#
#(.......# #...#
#..# #.###.####
#...###..# #.# #.#
#.....#..#####.#
#.#
#.#.#.#......<.#
#.#


You could see a small abomination.

Vanquished Creatures
  Joseph (D:7)
  2 trolls
  2 hornets
  2 slime creatures
  Sigmund (D:3)
  A spriggan (D:9)
  2 shadows (D:9)
  5 yaks (D:8)
  A two-headed ogre zombie (D:9)
  A water moccasin (D:7)
  An acid dragon (D:9)
  An orc warrior (D:6)
  3 sky beasts
  A black bear (D:7)
  5 centaurs
  2 phantoms (D:9)
  A kobold brigand (D:8)
  11 scorpions
  A bullfrog (D:7)
  3 wights (D:9)
  5 troll zombies (D:9)
  8 killer bees
  3 electric eels (D:6)
  5 howler monkeys
  3 hounds
  2 jellies
  5 orc priests
  Crazy Yiuf (D:3)
  2 iguanas
  Ijyb (D:3)
  3 orc wizards
  Terence (D:2)
  2 ogre zombies (D:9)
  Robin (D:2)
  4 gnolls (D:5)
  12 adders
  2 shadow imps (D:6)
  2 white imps
  An ufetubus (D:5)
  A worm (D:3)
  3 dart slugs
  16 orcs
  6 ball pythons
  5 endoplasms
  4 giant cockroaches
  10 goblins
  16 hobgoblins
  4 jackals (D:2)
  10 kobolds
  6 quokkas
  7 bats
  7 frilled lizards
  3 goblin skeletons (D:9)
  A goblin zombie (D:9)
  A hobgoblin skeleton (D:9)
  A hobgoblin zombie (D:9)
  2 orc skeletons (D:9)
  17 orc zombies (D:9)
  5 rats (D:2)
235 creatures vanquished.

Vanquished Creatures (others)
  An orc wizard (D:8)
1 creature vanquished.

Grand Total: 236 creatures vanquished

Notes
Turn   | Place    | Note
-------+----------+-------------------------------------------
     0 | D:1      | Dittersdorf the Gargoyle Fighter began the quest for the
                  | Orb.
     0 | D:1      | Reached XP level 1. HP: 14/14 MP: 1/1
   117 | D:1      | Reached XP level 2. HP: 17/19 MP: 2/2
   186 | D:1      | Found a faded altar of an unknown god.
   472 | D:1      | Reached XP level 3. HP: 22/23 MP: 3/3
   837 | D:2      | Noticed Terence
   849 | D:2      | Killed Terence
   915 | D:2      | Noticed Robin
   919 | D:2      | Reached XP level 4. HP: 29/29 MP: 4/4
   931 | D:2      | Killed Robin
  1848 | D:3      | Reached XP level 5. HP: 18/33 MP: 5/5
  2109 | D:3      | Found a shimmering blue altar of Sif Muna.
  2109 | D:3      | Found an iron altar of Okawaru.
  2109 | D:3      | Noticed a sky beast
  2146 | D:3      | Killed a sky beast
  2147 | D:3      | Reached XP level 6. HP: 27/39 MP: 6/6
  2168 | D:3      | Found an opulent altar of Gozag.
  2169 | D:3      | Found an ornate altar of the Wu Jian Council.
  2170 | D:3      | Found a sparkling altar of Nemelex Xobeh.
  2170 | D:3      | Found a stormy altar of Qazlal.
  2175 | D:3      | Became a worshipper of Warmaster Okawaru
  2280 | D:3      | Noticed Sigmund
  2288 | D:3      | Killed Sigmund
  2289 | D:3      | Reached skill level 5 in Fighting
  2289 | D:3      | Reached skill level 5 in Armour
  2289 | D:3      | Reached skill level 5 in Shields
  2325 | D:3      | Found a runed translucent door.
  2326 | D:3      | Noticed Crazy Yiuf
  2330 | D:3      | Killed Crazy Yiuf
  2331 | D:3      | Reached XP level 7. HP: 44/44 MP: 7/7
  2401 | D:3      | Noticed Ijyb
  2420 | D:3      | Killed Ijyb
  3021 | D:4      | Found a staircase to the Ecumenical Temple.
  3051 | D:4      | Reached * piety under Okawaru
  3681 | D:4      | Reached XP level 8. HP: 51/51 MP: 8/8
  3704 | D:4      | Found a snail-covered altar of Cheibriados.
  4530 | D:5      | Entered Level 5 of the Dungeon
  5478 | D:6      | Reached skill level 5 in Maces & Flails
  5535 | D:6      | Reached ** piety under Okawaru
  5543 | D:6      | Found the +11 Singing Sword {sonic wave}
  6052 | D:6      | Reached XP level 9. HP: 49/56 MP: 9/9
  6350 | D:7      | Identified the +3 cloak of Nuddovaj {Drain Fly SInv}
  6374 | D:7      | Noticed Joseph
  6697 | D:7      | Killed Joseph
  6697 | D:7      | Reached *** piety under Okawaru
  6786 | D:7      | You fall into a shaft and drop 1 floor!
  6970 | D:8      | Noticed a hornet
  6980 | D:8      | Killed a hornet
  8002 | D:8      | Reached XP level 10. HP: 56/64 MP: 10/10
  8112 | D:8      | Reached **** piety under Okawaru
  8593 | D:9      | Found a staircase to the Orcish Mines.
 10473 | D:9      | Identified the +2 leather armour of Onemus {*Corrode rN+++
                  | Int+2}
 10473 | D:9      | Identified the ring "Sirargh" {Ice rN+}
 10473 | D:9      | Noticed a wizard
 10512 | D:8      | Reached ***** piety under Okawaru
 10513 | D:8      | Reached XP level 11. HP: 63/71 MP: 11/11
 10546 | Abyss:3  | Cast into level 3 of the Abyss (a wizard)
 10566 | Abyss:4  | Found a corrupted altar of Lugonu.
 10568 | Abyss:4  | Noticed a hell hog
 10658 | Abyss:5  | Noticed a glowing orange brain
 10668 | Abyss:5  | Noticed a starcursed mass
 10668 | Abyss:5  | Noticed a wretched star
 10678 | D:9      | Escaped the Abyss
 10686 | D:8      | HP: 2/72 [something (5)]
 10687 | D:8      | Slain by a shadow wraith

Illustrated notes

Levels and vault maps discovered:
D:1:      lightli_arrival_farm, layout_loops_ring,
          shapermc_ecumenical_altar_mp_ritualfount, hangedman_decor_peaks_small
D:2:      layout_loops_ring, uniq_terence, uniq_robin
D:3:      layout_basic, grunt_temple_overflow_open, grunt_ministairs_3,
          uniq_sigmund, uniq_ijyb, uniq_crazy_yiuf_cottage
D:4:      layout_layer_cave, lemuel_tele_altar, minmay_temple_entry_sparse_star
D:5:      layout_basic, chequers_arboretum
D:6:      old_forge, layout_rooms, serial_bayou, serial_bayou_pond_c,
          serial_bayou_ford_a, serial_bayou_shore_a, serial_bayou_pond_c,
          serial_bayou_shore_b, grunt_ministairs_10
D:7:      layout_cave_pools, uniq_joseph
D:8:      cheibrodos_quashed, layout_loops_ring
D:9:      minmay_the_grid_triangle_9x9_rhombus_thin_mashed
          [minmay_the_grid_triangle_9x9_corrupted_corridor,
          minmay_the_grid_triangle_9x9_prize_center,
          minmay_the_grid_triangle_9x9_thin_v,
          minmay_the_grid_triangle_9x9_wacky_v], layout_layer_cave,
          zombieorc2_lemuel, the_hattery

Skill      XL: |  1  2  3  4  5  6  7  8  9 10 |
---------------+-------------------------------+-----
Shields        | 4 5 7 8 9 |  9.7
Fighting       | 4 5 6 8 9 |  9.7
Armour         | 4 5 6 8 9 |  9.7
Maces & Flails | 3 4 5 7 8 |  8.6

Action                     |  1- 3 |  4- 6 |  7- 9 | 10-12 || total
---------------------------+-------+-------+-------+-------++-------
  Melee: Flail             |   101 |   213 |       |       ||   314
         Mace              |       |     1 |   414 |   361 ||   776
 Invoke: Heroism           |       |       |       |     3 ||     3
    Use: Potion            |       |     1 |       |     1 ||     2
         Scroll            |       |       |       |     4 ||     4
   Stab: Held in net/web   |       |       |     2 |       ||     2
 Armour: Scale mail        |    32 |       |       |       ||    32
         Skin              |    12 |       |       |       ||    12
         Chain mail        |    11 |   172 |   300 |   256 ||   739
  Dodge: Dodged            |    37 |   111 |   170 |   103 ||   421
  Block: Buckler           |    21 |    50 |    68 |       ||   139
         Tower shield      |       |       |   126 |   315 ||   441

Table legend: (Time is in decaauts)
 A = Elapsed time spent in this place.
 B = Non-inter-level travel time spent in this place.
 C = Inter-level travel time spent in this place.
 D = Time resting spent in this place.
 E = Time spent auto-exploring this place.
 F = Levels seen in this place.
 G = Mean time per level.
                   A        B        C        D        E       F      G
               +--------+--------+--------+--------+--------+-----+--------+
         Total |  11006 |  10493 |    513 |   1303 |   6848 |  12 |  917.2 |
       Dungeon |  10873 |  10360 |    513 |   1263 |   6848 |   9 | 1208.1 |
         Abyss |    133 |    133 |      0 |     40 |      0 |   3 |   44.3 |
               +--------+--------+--------+--------+--------+-----+--------+

Top non-repeatable levels by time:
     D:9: 2384 daAuts
     D:3: 1419 daAuts
     D:4: 1402 daAuts
     D:6: 1184 daAuts
     D:8: 1076 daAuts
     D:5: 971 daAuts
     D:2: 957 daAuts
     D:1: 893 daAuts
     D:7: 583 daAuts
 Abyss:5: 110 daAuts
 Abyss:3: 17 daAuts
 Abyss:4: 5 daAuts
